 Dungeon Crawl Stone Soup version 0.21.1-1-g345015f (webtiles) character file.

120980 Monsterracer the Impaler (level 16, -3/120 HPs)
             Began as a Merfolk Ice Elementalist on Apr 24, 2018.
             Was the Champion of Okawaru.
             Slain by an entropy weaver (4 damage)
             ... on level 3 of the Lair of Beasts on Apr 25, 2018.
             The game lasted 00:55:59 (21107 turns).

Monsterracer the Impaler (MfIE)                    Turns: 21107, Time: 00:56:00

Health: -3/120     AC:  7    Str: 13    XL:     16   Next: 83%
Magic:  0/27       EV: 20    Int: 19    God:    Okawaru [******]
Gold:   1130       SH:  0    Dex: 16    Spells: 14/30 levels left

rFire    + . .     SeeInvis .   a - +2 glaive (flame)
rCold    + + .     Gourm    .   (shield currently unavailable)
rNeg     . . .     Faith    .   M - +2 troll leather armour {Snorg}
rPois    .         Spirit   +   C - +1 helmet of the Lumpy Places {rC+}
rElec    .         Reflect  .   K - scarf {rC+ rF+}
rCorr    .         Harm     .   j - +2 pair of gloves
MR       ++...                  (no boots)
Stlth    ++........             i - amulet of guardian spirit
HPRegen  0.70/turn              N - +4 ring of intelligence
MPRegen  0.20/turn              h - ring of protection from magic {!d}

@: corroded
A: change form in water, swift swim, stealthy swim
a: Heroism, Finesse, Renounce Religion


You were on level 3 of the Lair of Beasts.
You worshipped Okawaru.
Okawaru was exalted by your worship.
You were hungry.

You visited 2 branches of the dungeon, and saw 15 of its levels.
You also visited: Volcano.

You collected 1130 gold pieces.

Inventory:

Hand Weapons
 a - a +2 glaive of flaming (weapon)
 b - a +0 trident
Armour
 j - a +2 pair of gloves (worn)
 w - a +2 robe of magic resistance
 z - a +0 helmet of intelligence
 B - a +1 buckler of poison resistance
 C - the +1 helmet of the Lumpy Places (worn) {rC+}
   (You found it on level 8 of the Dungeon)

   It protects you from cold.
 K - a scarf of resistance (worn)
 M - a +2 troll leather armour (worn) {Snorg}
 Q - the +7 plate armour "Fegidghu" {rCorr Str+4}
   (You found it on level 2 of the Lair of Beasts)

   It affects your strength (+4).
   It protects you from acid and corrosion.
Jewellery
 h - a ring of protection from magic (right hand) {!d}
 i - an amulet of guardian spirit (around neck)
 m - an uncursed ring of positive energy {!d}
 E - an uncursed ring of see invisible
 N - a +4 ring of intelligence (left hand)
 S - an uncursed ring of poison resistance {!d}
Wands
 o - a wand of paralysis (17)
 p - a wand of digging (28)
 v - a wand of iceblast (24)
 A - a wand of flame (48)
 F - a wand of disintegration (4)
 J - a wand of polymorph (11)
Scrolls
 d - a scroll of fear {!r}
 g - 2 scrolls of fog
 n - a scroll of blinking
 x - a scroll of amnesia
 y - 3 scrolls of remove curse
 D - 5 scrolls of teleportation
 G - a scroll of enchant armour
 L - a scroll of magic mapping {!r}
Potions
 e - 3 potions of brilliance
 f - 11 potions of curing
 k - 4 potions of agility
 l - a potion of magic {unknown}
 q - 2 potions of berserk rage {unknown}
 r - 4 potions of haste
 s - 2 potions of mutation {unknown}
 t - a potion of ambrosia {!q}
 u - a potion of degeneration {unknown}
 H - 3 potions of flight
 O - a potion of resistance {unknown}
 P - a potion of lignification {unknown}
 U - a potion of might {unknown}
Comestibles
 c - 24 rations


   Skills:
 + Level 9.6 Fighting
 * Level 16.7 Polearms
 + Level 1.9 Armour
 + Level 11.4 Dodging
 - Level 2.1 Stealth
 - Level 7.5 Spellcasting
 - Level 0.7 Conjurations
 - Level 2.1 Charms
 + Level 9.8 Summonings
 - Level 4.0 Translocations
 - Level 10.0 Ice Magic
 - Level 5.2 Air Magic
 - Level 9.0 Invocations


You had 14 spell levels left.
You knew the following spells:

 Your Spells              Type           Power        Failure   Level  Hunger
a - Summon Lightning Spi  Summ/Air       #####...     5%          4    ###....
b - Throw Frost           Conj/Ice       ####..       1%          2    None
c - Ozocubu's Armour      Chrm/Ice       ####....     3%          3    #......
d - Summon Ice Beast      Ice/Summ       #####...     1%          4    ###....
e - Blink                 Tloc           N/A          3%          2    None
z - Apportation           Tloc           ###...       2%          1    None


Dungeon Overview and Level Annotations

Branches:
Dungeon (11/15)            Temple (0/1) D:6            Lair (4/6) D:11
 Shoals (0/4) Lair:2          Orc (0/2) D:9
  Snake: Lair:2-4    Spider: Lair:2-4

Altars:
Cheibriados
Dithmenos
Fedhas
Hepliaklqana
Okawaru
Sif Muna
Uskayaw
Vehumet
Yredelemnul
The Shining One

Shops:
D:5 (   D:7 [:   D:10 %

Annotations:
D:11 Erolcha


Message History

The soldier ant is moderately wounded.
The soldier ant misses you.
You hit the soldier ant but do no damage.
The soldier ant is moderately wounded.
You slash the soldier ant! You burn the soldier ant.
The soldier ant is almost dead.
The soldier ant misses you.
You barely miss the soldier ant.
The soldier ant is almost dead.
The soldier ant stings you.
You are poisoned.
The soldier ant poisons you!
You take 5 damage, and have 115/120 hp.
You now have 26/27 mp.
You hit the soldier ant. You burn the soldier ant.
You kill the soldier ant!
Okawaru accepts your kill.
You feel sick.
You take 1 damage, and have 114/120 hp.
No target in view!
You start resting.
You feel sick. x3
Magic restored.
MP restored: 27 You start resting.
You feel sick.
You are feeling hungry.
You feel sick.
You start resting.
You feel sick. x4
HP restored.
You feel sick.
You regained 5 hp, and now have 119/120 hp.
You start resting.
HP restored.
Health restored: 120 You climb downwards. 2 soldier ants come into view.
You feel sick. The entropy weaver hits you! The entropy weaver misses you.
The entropy weaver closely misses you. The entropy weaver hits you.
The entropy weaver hits you but does no damage.
The entropy weaver hits you! The entropy weaver misses you.
The entropy weaver hits you but does no damage. x2
The entropy weaver hits you. x2; The entropy weaver barely misses you.
The entropy weaver hits you! The entropy weaver hits you.
The entropy weaver misses you. x2
There is a stone staircase leading up, spattered with blood here.
You take 35 damage, and have 85/120 hp.
MASSIVE DAMAGE!!
You now have 19/27 mp.
The entropy weaver hits you! The entropy weaver barely misses you.
The entropy weaver hits you.
The entropy weaver completely misses you.
The entropy weaver hits you! The entropy weaver misses you.
The entropy weaver hits you! The entropy weaver hits you.
* * * LOW HITPOINT WARNING * * *
You climb upwards.
There is a stone staircase leading down, spattered with blood here.
Unknown command.
Unknown command.
Unknown command.
You take 27 damage, and have 58/120 hp.
MASSIVE DAMAGE!!
You now have 13/27 mp.
Okay, then.
Okay, then.
Evoke which item? (* to show all) (? for menu, Esc to quit)
Okay, then.
Okay, then.
The entropy weaver hits you!
* * * LOW HITPOINT WARNING * * *
The entropy weaver hits you.
* * * LOW HITPOINT WARNING * * *
The entropy weaver misses you.
The entropy weaver hits you but does no damage.
You take 9 damage, and have 49/120 hp.
You now have 12/27 mp.
Press: ? - help, v - describe, . - travel
Here: an entropy weaver A stone staircase leading down, spattered with blood.
You feel sick.
You are no longer poisoned.
The entropy weaver completely misses you.
The entropy weaver hits you but does no damage.
The entropy weaver hits you.
* * * LOW HITPOINT WARNING * * *
The entropy weaver closely misses you. x2; The entropy weaver hits you!
* * * LOW HITPOINT WARNING * * *
The entropy weaver closely misses you. The entropy weaver hits you.
* * * LOW HITPOINT WARNING * * *
You take 16 damage, and have 33/120 hp.
You now have 9/27 mp.
The entropy weaver mumbles some strange words.
The entropic weave corrodes you! The entropy weaver hits you.
* * * LOW HITPOINT WARNING * * *
The entropy weaver hits you!
* * * LOW HITPOINT WARNING * * *
The entropy weaver hits you but does no damage.
The entropy weaver hits you!
* * * LOW HITPOINT WARNING * * *
You take 20 damage, and have 16/120 hp.
You now have 4/27 mp.
There is a stone staircase leading up here.
The entropy weaver hits you.
* * * LOW HITPOINT WARNING * * *
The entropy weaver hits you!
* * * LOW HITPOINT WARNING * * *
The entropy weaver hits you!
* * * LOW HITPOINT WARNING * * *
The entropy weaver hits you.
You die...

##....####.#..............
#.#.......................
###........................
#............#.†..........P
##...........##.>#......#.#
#............P##..#...#####
###............###....###
#...........aa..###..##
##...........@....)...#
#.................#.#P#
##..................###
##......#..........#.###
##......P#........###..P#
#................## #...##
#........#####.### #....#
#......#.## ### ###..#####
###....##.# #....##.#


You could see 2 entropy weavers.

Vanquished Creatures
  2 entropy weavers (Lair:3)
  Snorg (D:10)
  3 hydras
  2 two-headed ogres (D:8)
  4 ghost crabs (Lair:3)
  A dancing weapon (Volcano)
  6 fire crabs (Lair:3)
  An unseen horror (D:11)
  3 wizards (Volcano)
  Pikel (D:4)
  A manticore (Lair:2)
  2 toenail golems (Volcano)
  An apocalypse crab (Lair:3)
  2 black mambas
  6 spiny frogs
  A rime drake (Lair:2)
  3 komodo dragons (Lair:3)
  A troll (D:11)
  Prince Ribbit (D:6)
  4 slime creatures
  A hornet (D:10)
  Grinder (D:5)
  4 hippogriffs
  3 blink frogs
  A spriggan (D:7)
  Sigmund (D:6)
  Eustachio (D:5)
  5 basilisks
  11 yaks
  12 soldier ants
  5 water moccasins
  3 porcupines
  3 orc warriors
  2 sky beasts
  3 phantoms
  4 ice beasts
  2 black bears
  14 wolves
  4 ogres
  4 centaurs
  A big kobold (D:11)
  18 crocodiles
  A wyvern zombie (D:7)
  8 bullfrogs
  A scorpion (D:9)
  11 killer bees
  4 wights (D:7)
  3 electric eels
  3 howler monkeys
  5 crimson imps
  4 orc priests
  9 hounds
  3 orc wizards
  2 centaur skeletons
  A jelly (D:8)
  3 bullfrog skeletons
  10 iguanas
  14 worker ants
  A killer bee zombie (D:6)
  A worker ant zombie (D:9)
  Robin (D:4)
  9 adders
  3 shadow imps
  An ooze (D:4)
  4 dart slugs
  13 leopard geckos
  47 orcs
  5 giant cockroaches
  20 goblins
  8 hobgoblins
  18 jackals
  7 quokkas
  3 ball pythons
  7 bats
  12 frilled lizards
  A jackal skeleton (D:4)
  9 kobolds
  2 leopard gecko skeletons
  9 rats
412 creatures vanquished.

Vanquished Creatures (collateral kills)
  2 wizards (Volcano)
  3 toenail golems (Volcano)
5 creatures vanquished.

Vanquished Creatures (others)
  An entropy weaver (Lair:3)
  A steam dragon (D:11)
  An ogre (D:5)
  An orc wizard (D:9)
  An adder (D:5)
  A worm (D:5)
  A jackal (D:7)
  A kobold (D:11)
  A frilled lizard (Lair:2)
  A quokka zombie (D:5)
  3 fungi
  7 plants
20 creatures vanquished.

Grand Total: 437 creatures vanquished

Notes
Turn   | Place    | Note
-------+----------+-------------------------------------------
     0 | D:1      | Monsterracer the Merfolk Ice Elementalist began the quest for the Orb.
     0 | D:1      | Reached XP level 1. HP: 13/13 MP: 3/3
   260 | D:1      | Reached XP level 2. HP: 19/19 MP: 1/5
   307 | D:1      | Learned a level 2 spell: Throw Frost
  1095 | D:1      | Reached XP level 3. HP: 22/24 MP: 4/6
  1447 | D:2      | Learned a level 3 spell: Ozocubu's Armour
  2261 | D:2      | Reached XP level 4. HP: 28/30 MP: 4/8
  2590 | D:2      | Found a deep blue altar of Sif Muna.
  2851 | D:3      | Reached skill level 1 in Charms
  3042 | D:3      | Reached skill level 5 in Ice Magic
  3388 | D:3      | HP: 12/30 [orc wizard/puff of flame (8)]
  3565 | D:3      | Reached skill level 1 in Polearms
  3565 | D:3      | Reached XP level 5. HP: 25/35 MP: 4/9
  3906 | D:3      | Found a shadowy altar of Dithmenos.
  3907 | D:3      | Found a radiant altar of Vehumet.
  4027 | D:3      | Found an iron altar of Okawaru.
  4051 | D:3      | Learned a level 4 spell: Summon Ice Beast
  4068 | D:3      | Became a worshipper of Warmaster Okawaru
  4336 | D:4      | Noticed an orc warrior
  4469 | D:4      | Reached skill level 2 in Polearms
  4469 | D:4      | HP: 17/35 [poisoned by a worker ant]
  4474 | D:4      | HP: 13/35 [poisoned by a worker ant]
  4479 | D:4      | HP: 11/35 [poisoned by a worker ant]
  4485 | D:4      | HP: 8/35 [poisoned by a worker ant]
  4490 | D:4      | HP: 7/35 [poisoned by a worker ant]
  4498 | D:4      | HP: 6/35 [poisoned by a worker ant]
  4791 | D:4      | Noticed an ogre
  4793 | D:4      | Reached XP level 6. HP: 22/41 MP: 5/10
  4992 | D:4      | Reached skill level 3 in Polearms
  5819 | D:4      | Noticed Robin
  5979 | D:4      | HP: 17/41 [orc warrior/scimitar (10)]
  5982 | D:4      | Killed an orc warrior
  5982 | D:4      | Reached skill level 1 in Fighting
  5982 | D:4      | Reached skill level 4 in Polearms
  5982 | D:4      | Reached XP level 7. HP: 21/48 MP: 5/12
  5997 | D:4      | HP: 15/48 [goblin/uncursed club[Robin] (1)]
  6272 | D:4      | HP: 19/48 [goblin/club[Robin] (10)]
  6274 | D:4      | Killed Robin
  6598 | D:4      | Reached * piety under Okawaru
  6914 | D:5      | Entered Level 5 of the Dungeon
  6988 | D:5      | Noticed Pikel
  7009 | D:4      | Killed Pikel
  7009 | D:4      | Reached ** piety under Okawaru
  7009 | D:4      | Reached skill level 6 in Polearms
  7009 | D:4      | Reached XP level 8. HP: 34/57 MP: 1/14
  7149 | D:5      | Found Xuucief's Weapon Boutique.
  7160 | D:5      | Noticed Eustachio
  7172 | D:5      | Killed Eustachio
  7243 | D:5      | Noticed Grinder
  7351 | D:5      | Paralysed by Grinder for 3 turns
  7409 | D:5      | Paralysed by Grinder for 6 turns
  7422 | D:5      | Killed Grinder
  7422 | D:5      | Reached skill level 7 in Polearms
  8163 | D:5      | Learned a level 1 spell: Apportation
  8220 | D:6      | Reached XP level 9. HP: 49/64 MP: 12/15
  8387 | D:6      | Found a glowing golden altar of the Shining One.
  8524 | D:6      | Reached skill level 8 in Polearms
  8524 | D:6      | Reached skill level 1 in Summonings
  8524 | D:6      | Reached skill level 1 in Invocations
  8627 | D:6      | Identified a scroll of acquirement
  8735 | D:6      | Found a staircase to the Ecumenical Temple.
  8793 | D:6      | Noticed Prince Ribbit
  8793 | D:6      | Noticed Sigmund
  8798 | D:6      | Killed Sigmund
  8798 | D:6      | Reached skill level 5 in Dodging
  9079 | D:6      | Killed Prince Ribbit
  9079 | D:6      | Reached *** piety under Okawaru
  9304 | D:7      | Found Oziahall's Book Boutique.
  9346 | D:7      | Reached skill level 5 in Spellcasting
  9503 | D:7      | Reached skill level 9 in Polearms
  9662 | D:7      | Found Kestuv's Armour Shoppe.
  9748 | D:7      | Reached **** piety under Okawaru
  9914 | D:7      | Reached XP level 10. HP: 62/73 MP: 15/17
  9932 | D:7      | HP: 34/73 [something (6)]
 10150 | D:7      | Reached skill level 10 in Polearms
 10220 | D:7      | Found a hazy altar of Hepliaklqana.
 10224 | D:7      | Found a blossoming altar of Fedhas.
 10226 | D:7      | Found a snail-covered altar of Cheibriados.
 10294 | D:7      | Noticed a hand axe
 10294 | D:7      | Found a hide-covered altar of Uskayaw.
 10295 | D:7      | Noticed a dagger
 10500 | D:8      | Noticed a two-headed ogre
 10526 | D:8      | Reached skill level 5 in Fighting
 10533 | D:8      | HP: 35/74 [two-headed ogre/giant club (17)]
 10538 | D:8      | HP: 24/74 [poisoned by a killer bee]
 10543 | D:8      | HP: 21/74 [poisoned by a killer bee]
 10549 | D:8      | HP: 14/74 [poisoned by a killer bee]
 10554 | D:8      | HP: 13/74 [poisoned by a killer bee]
 10561 | D:8      | HP: 13/74 [poisoned by a killer bee]
 10569 | D:8      | HP: 12/74 [poisoned by a killer bee]
 10959 | D:8      | Noticed a two-headed ogre
 10963 | D:8      | HP: 37/74 [two-headed ogre/giant spiked club (11)]
 11391 | D:8      | Killed a two-headed ogre
 11391 | D:8      | Reached ***** piety under Okawaru
 11900 | D:8      | Killed a two-headed ogre
 11900 | D:8      | Reached skill level 11 in Polearms
 12147 | D:8      | Got a polished helmet
 12210 | D:8      | Identified the +1 helmet of the Lumpy Places {rC+} (You found it on level 8 of the Dungeon)
 12688 | D:8      | HP: 38/76 [slime creature (5)]
 12691 | D:8      | HP: 17/76 [slime creature (15)]
 12778 | D:8      | HP: 34/76 [slime creature (2)]
 12865 | D:8      | HP: 38/76 [slime creature (4)]
 13306 | D:9      | Reached XP level 11. HP: 73/81 MP: 15/19
 13311 | D:9      | Reached skill level 5 in Invocations
 13465 | D:9      | Reached skill level 12 in Polearms
 13545 | D:9      | Found a staircase to the Orcish Mines.
 13840 | D:10     | Entered Level 10 of the Dungeon
 13846 | D:10     | Paralysed by a hornet for 1 turns
 13859 | D:10     | Noticed Snorg
 14154 | D:10     | Learned a level 2 spell: Blink
 14270 | D:10     | Found a basalt altar of Yredelemnul.
 14294 | D:10     | Found Papi's Food Shop.
 14626 | D:10     | Killed Snorg
 14869 | D:11     | Noticed an unseen horror
 14881 | D:11     | Killed an unseen horror
 14954 | D:11     | Reached skill level 1 in Translocations
 15028 | D:11     | Noticed an eight-headed hydra
 15029 | D:11     | Found a staircase to the Lair.
 15030 | D:11     | Noticed a purple ugly thing
 15053 | D:11     | HP: 41/83 [eight-headed hydra (9)]
 15054 | D:11     | Killed an eight-headed hydra
 15054 | D:11     | Received a gift from Okawaru
 15362 | D:11     | Noticed Erolcha
 15362 | D:11     | Noticed a cyclops
 15379 | Lair:1   | Entered Level 1 of the Lair of Beasts
 15385 | Lair:1   | Learned a level 4 spell: Summon Lightning Spire
 15768 | Lair:1   | Reached skill level 13 in Polearms
 15924 | Lair:1   | Reached skill level 10 in Ice Magic
 16532 | Lair:2   | Reached XP level 12. HP: 88/91 MP: 18/21
 16757 | Lair:2   | Found a staircase to the Shoals.
 16836 | Lair:2   | Noticed a six-headed hydra
 16851 | Lair:2   | Killed a six-headed hydra
 17254 | Lair:2   | Received a gift from Okawaru
 17259 | Lair:2   | Reached skill level 14 in Polearms
 17275 | Lair:2   | Got a scorched plate armour
 17286 | Lair:2   | Identified the +7 plate armour "Fegidghu" {rCorr Str+4} (You found it on level 2 of the Lair of Beasts)
 18078 | Lair:3   | Noticed a four-headed hydra
 18098 | Lair:3   | Killed a four-headed hydra
 18347 | Lair:3   | Reached skill level 10 in Dodging
 18453 | Lair:3   | Found a runed door.
 18821 | Lair:3   | HP: 44/93 [fire crab] (4)]
 18825 | Lair:3   | Reached skill level 15 in Polearms
 18825 | Lair:3   | Reached XP level 13. HP: 34/99 MP: 4/23
 18827 | Lair:3   | HP: 24/99 [something (10)]
 18946 | Lair:3   | Noticed an entropy weaver
 18977 | Lair:3   | Killed an entropy weaver
 18977 | Lair:3   | Reached skill level 5 in Summonings
 18989 | Lair:3   | HP: 48/99 [something (4)]
 19112 | Lair:3   | HP: 47/99 [fire crab (5)]
 19225 | Lair:3   | HP: 49/99 [ghost crab] (2)]
 19357 | Lair:3   | Noticed an entropy weaver
 19377 | Lair:3   | HP: 48/99 [ghost crab] (3)]
 19378 | Lair:3   | Killed an entropy weaver
 19382 | Lair:3   | HP: 35/99 [ghost crab] (3)]
 19387 | Lair:3   | HP: 25/99 [ghost crab] (3)]
 19390 | Lair:3   | HP: 12/99 [ghost crab] (1)]
 19643 | Lair:3   | Noticed an entropy weaver
 19657 | Lair:3   | Killed an entropy weaver
 19661 | Lair:3   | HP: 40/100 [apocalypse crab (11)]
 19942 | Lair:4   | Received a gift from Okawaru
 20072 | Lair:4   | Found a dark tunnel.
 20078 | Volcano  | Entered a volcano
 20408 | Volcano  | Reached ****** piety under Okawaru
 20408 | Volcano  | Reached skill level 16 in Polearms
 20434 | Volcano  | Reached skill level 1 in Air Magic
 20686 | Lair:4   | Reached XP level 14. HP: 108/108 MP: 25/25
 20687 | Lair:4   | Reached skill level 1 in Armour
 20687 | Lair:4   | Reached XP level 15. HP: 114/114 MP: 26/26
 20688 | Lair:4   | Reached skill level 5 in Air Magic
 20688 | Lair:4   | Reached XP level 16. HP: 120/120 MP: 27/27
 20912 | Lair:3   | HP: 60/120 [poisoned by a soldier ant]
 20917 | Lair:3   | HP: 54/120 [poisoned by a soldier ant]
 20922 | Lair:3   | HP: 50/120 [poisoned by a soldier ant]
 20927 | Lair:3   | HP: 47/120 [poisoned by a soldier ant]
 20933 | Lair:3   | HP: 47/120 [poisoned by a soldier ant]
 20938 | Lair:3   | HP: 47/120 [poisoned by a soldier ant]
 20943 | Lair:3   | HP: 49/120 [poisoned by a soldier ant]
 20950 | Lair:3   | HP: 52/120 [poisoned by a soldier ant]
 20958 | Lair:3   | HP: 55/120 [poisoned by a soldier ant]
 21096 | Lair:4   | HP: 57/120 [entropy weaver (5)]
 21104 | Lair:3   | HP: 31/120 [entropy weaver (5)]
 21107 | Lair:3   | HP: 13/120 [entropy weaver (5)]
 21107 | Lair:3   | HP: 6/120 [entropy weaver (7)]
 21107 | Lair:3   | HP: 1/120 [entropy weaver (5)]
 21107 | Lair:3   | Slain by an entropy weaver

Skill      XL: |  1  2  3  4  5  6  7  8  9 10 11 12 13 14 15 16 |
---------------+-------------------------------------------------+-----
Ice Magic      | 4 5 6 7 8 9 10 | 10.0
Charms         | 1 2 |  2.1
Polearms       | 1 2 4 6 7 9 11 13 15 16 | 16.7
Spellcasting   | 3 4 5 6 7 |  7.5
Fighting       | 1 2 3 4 6 7 8 9 |  9.6
Dodging        | 3 4 6 7 9 10 11 | 11.4
Summonings     | 2 3 4 7 8 9 |  9.8
Invocations    | 3 4 6 7 8 9 |  9.0
Translocations | 2 3 4 |  4.0
Air Magic      | 4 5 |  5.2
Armour         | 1 |  1.9
Stealth        | |  2.1
Conjurations   | |  0.7

Action                   |  1- 3 |  4- 6 |  7- 9 | 10-12 | 13-15 | 16-18 || total
-------------------------+-------+-------+-------+-------+-------+-------++-------
Melee: Unarmed           |     2 |       |       |       |       |       ||     2
       Short sword       |     1 |     3 |       |       |       |       ||     4
       Trident           |       |    35 |    85 |    27 |       |       ||   147
       Halberd           |       |       |   161 |   848 |   205 |       ||  1214
       Tailslap          |       |       |       |     6 |       |       ||     6
       Glaive            |       |       |       |       |    15 |    87 ||   102
 Cast: Freeze            |    69 |   120 |    81 |    19 |       |       ||   289
       Throw Frost       |       |     7 |     2 |    23 |       |       ||    32
       Ozocubu's Armour  |       |       |    12 |     6 |     1 |       ||    19
       Summon Ice Beast  |       |       |       |     5 |    13 |       ||    18
Invok: Heroism           |       |       |     9 |    24 |     6 |       ||    39
       Finesse           |       |       |       |       |     4 |       ||     4
Evoke: Wand              |       |       |       |     3 |       |       ||     3
  Use: Scroll            |     4 |    10 |     5 |     5 |     4 |     1 ||    29
       Potion            |       |       |       |       |     3 |       ||     3
 Stab: Sleeping          |     1 |     2 |     1 |     7 |       |       ||    11
       Distracted        |       |       |       |     2 |     2 |       ||     4
  Eat: Chunk             |     5 |     9 |    14 |    20 |     3 |     2 ||    53
       Ration            |       |     1 |       |     3 |     1 |       ||     5
Armor: Robe              |     6 |    38 |    59 |       |     3 |       ||   106
       Leather armour    |       |       |    34 |    74 |       |       ||   108
       Troll leather arm |       |       |       |   162 |    49 |    33 ||   244
       Plate armour      |       |       |       |       |     5 |       ||     5
Dodge: Dodged            |    30 |    73 |   154 |   628 |   122 |   135 ||  1142

Vault maps used:
D:1:      dpeg_arrival_short_road
D:2:      lemuel_blue_sif_altar, minmay_misc_feat_tower
D:3:      grunt_temple_overflow_open, okawaru_ov_weapons_minmay
D:4:      amethyst_killhole, glass_columns_b, uniq_robin
D:5:      serial_shops, nicolae_shop_crystal, first_ration, serial_curves,
          eino_curves_01, eino_curves_04, uniq_pikel, uniq_grinder,
          uniq_eustachio
D:6:      lemuel_round_altar, minmay_temple_entry_overgrown,
          uniq_prince_ribbit1, uniq_sigmund
D:7:      dancing_weapons_uskayaw, minitemple, serial_shops,
          nicolae_shop_temple_entry_statues_fountains, shop, the_bakery,
          lemuel_old_faithful
D:9:      david_orc_2
D:10:     serial_shops, shop, serial_bayou_pond_c, yredelemnul_altar_generic,
          uniq_snorg
D:11:     erik_lair_island, enter_bailey_2,
          lemuel_mausoleum_altar_kikubaaqudgha, uniq_maurice, uniq_erolcha
Lair:1:   fungi_pond_lemuel, grunt_forest_small_clearing_treed
Lair:2:   lemuel_reptile_caves, minmay_shoals_entry_beasts
Lair:3:   gammafunk_mikee_crab_dinner, grunt_forest_small_clearings,
          minmay_stone_trees_small, kennysheep_basilisk_garden
Lair:4:   dummy_spider_entry, nicolae_volcano_entry_two_sided,
          zaba_antful_of_joy, lemuel_fruit_fields, minmay_lair_oklob_chamber,
          grunt_megastairs_4, lemuel_fruit_tree
Volcano:  volcano_bunker
